 Dungeon Sprint DCSS version 0.28-a0-1033-g1a2f33fa85 (webtiles) character file.

Game seed: 15116068279807249659

137 ytrimaz the Covered (level 4, -1/42 HPs)
             Began as a Demigod Fighter on Dec 7, 2021.
             Slain by a yak (10 damage)
             ... in the Dungeon (Sprint IX: "|||||||||||||||||||||||||||||").
             The game lasted 00:01:13 (307 turns).

ytrimaz the Covered (Demigod Fighter)                Turns: 307, Time: 00:01:14

Health: -1/42      AC: 13    Str: 31    XL:     4   Next: 69%
Magic:  6/6        EV: 11    Int: 10    God:
Gold:   0          SH:  4    Dex: 10    Spells: 3/3 levels left

rFire   . . .      SeeInvis .   m - +2 scimitar of the Spider {drain, Str+10 Dex-3}
rCold   . . .      Faith    .   c - +0 buckler
rNeg    . . .      Spirit   .   o - +1 chain mail
rPois   .          Reflect  .   (no helmet)
rElec   .          Harm     .   n - +0 cloak
rCorr   .          Rampage  .   a - +0 pair of gloves
Will    .....      NoTele   +   (no boots)
Stlth   ..........              (no amulet)
HPRegen 0.14/turn               q - +2 ring of evasion
MPRegen 0.10/turn               (no ring)

@: hasted, very quick
A: high mp 1, forlorn, divine attributes
a: no special abilities


You were in the Dungeon.
You visited 1 branch

Inventory:

Hand Weapons
 m - the +2 scimitar of the Spider (weapon) {drain, Str+10 Dex-3}
   (You found it in the Dungeon)

   A truly terrible weapon, it drains the life of any living foe it strikes.
   Str:       It affects your strength (+10).
   Dex:       It affects your dexterity (-3).
Armour
 a - a +0 pair of gloves (worn)
 c - a +0 buckler (worn)
 n - a +0 cloak (worn)
 o - a +1 chain mail (worn)
Jewellery
 q - a +2 ring of evasion (left hand)
Wands
 l - a wand of acid (10)
Scrolls
 j - 2 scrolls of blinking
 k - 2 scrolls of amnesia
Potions
 d - a potion of invisibility
 e - 3 potions of curing
 f - 2 potions of heal wounds
 h - 4 potions of magic
 i - a potion of berserk rage


   Skills:
 + Level 5.3 Fighting
 + Level 4.7 Long Blades
 + Level 6.3 Armour
 - Level 4.0 Shields


You had 3 spell levels left.
You didn't know any spells.
Your spell library was empty.

Dungeon Overview and Level Annotations

Branches:
Dungeon (1/1)


Innate Abilities, Weirdness & Mutations

You have an increased reservoir of magic. (+10% MP)
You shall have no god before yourself.
Your divine heritage dramatically boosts your attributes as you level up.


Message History

You are more confused.
You miss something. Something hits you but does no damage.
You're too confused to move!
Unknown command.
You bump into the unnaturally hard rock wall.
Something hits you but does no damage.
You bump into the unnaturally hard rock wall.
Unknown command.
You closely miss something. Something hits you.
* * * LOW HITPOINT WARNING * * *
You closely miss something.
You hear some strange, mumbled words.
A magic dart appears from out of thin air!
The magic dart hits you but does no damage.
You closely miss something. Something hits you but does no damage.
Unknown command.
You bump into the unnaturally hard rock wall.
Something hits you but does no damage.
Unknown command.
You feel better.
Unknown command.
You hit something. Something hits you but does no damage.
You slice something!!
Reactivating autopickup.
You feel a bit more experienced.
Your Armour skill increases to level 6!
The yak gores you.
There is an open door to the Dungeon here.
Things that are here:
a +0 dagger; a +0 robe You slash the yak!
The yak is moderately wounded.
The yak gores you.
* * * LOW HITPOINT WARNING * * *
Unknown command.
You barely miss the yak.
The yak is moderately wounded.
The yak snorts and paws the ground.
The yak gores you!
You die...

▓+▓
▓.▓
▓.▓
▓Z▓
▓Z▓
▓o▓
▓Y▓
▓@▓
▓.▓
▓=▓
▓.▓
▓.▓
▓.▓
▓.▓
▓)▓
▓.▓


You could see a yak, an orc warrior, a bat zombie and a ball python zombie.

Vanquished Creatures
  A killer bee (D)
  An iguana (D)
  An orc wizard (D)
  3 adders (D)
  A shadow imp (D)
  A hobgoblin (D)
  A jackal (D)
  A kobold (D)
  A quokka (D)
  A bat (D)
12 creatures vanquished.

Notes
Turn   | Place    | Note
-------+----------+-------------------------------------------
     0 | D        | ytrimaz the Demigod Fighter began the quest for the Orb.
     0 | D        | Reached XP level 1. HP: 18/18 MP: 3/3
     6 | D        | Reached skill level 3 in Armour
   164 | D        | Noticed an iguana
   172 | D        | Reached XP level 2. HP: 3/26 MP: 4/4
   182 | D        | Reached skill level 4 in Armour
   190 | D        | Reached XP level 3. HP: 15/33 MP: 5/5
   193 | D        | Reached skill level 5 in Armour
   233 | D        | Got the +2 scimitar of the Spider {drain, Str+10 Dex-3}
   276 | D        | Noticed an orc warrior
   276 | D        | Noticed a yak
   286 | D        | Reached skill level 5 in Fighting
   286 | D        | Reached XP level 4. HP: 22/42 MP: 6/6
   305 | D        | Reached skill level 6 in Armour
   307 | D        | Slain by a yak

Illustrated notes

Levels and vault maps discovered:
D:        linesprint [early_d, line_temple, items_1, d_10, items_2, lair_1,
          lair_end, items_3, orc_1, orc_end, items_4, d_15, swamp_1, shoals_1,
          snake_1, spider_1, d_20, vaults_1, items_5, swamp_end, shoals_end,
          snake_end, spider_end, vaults_end, d_27, items_6, zot_1, zot_end,
          crypt_end, forest_end, elf_end, slime_end, tomb_end, abyss_end,
          pan_hell_end]

Skill      XL: |  1  2  3  4 |
---------------+-------------+-----
Fighting       | 3 4 5 |  5.3
Armour         | 3 4 5 6 |  6.3
Shields        | 3 4 |  4.0
Long Blades    | 2 4 |  4.7

Action                   |  1- 3 |  4- 6 || total
-------------------------+-------+-------++-------
Melee: Long sword        |    47 |       ||    47
       Scimitar          |     7 |    11 ||    18
  Use: Potion            |     4 |     1 ||     5
Armor: Scale mail        |    21 |       ||    21
       Chain mail        |     5 |     8 ||    13
Dodge: Dodged            |    26 |       ||    26
Block: Buckler           |    15 |       ||    15

Table legend: (Time is in decaauts)
 A = Elapsed time spent in this place.
 B = Non-inter-level travel time spent in this place.
 C = Inter-level travel time spent in this place.
 D = Time resting spent in this place.
 E = Time spent auto-exploring this place.
 F = Levels seen in this place.
 G = Mean time per level.
                   A        B        C        D        E       F      G
               +--------+--------+--------+--------+--------+-----+--------+
         Total |    313 |    313 |      0 |    133 |      0 |   1 |  313.0 |
       Dungeon |    313 |    313 |      0 |    133 |      0 |   1 |  313.0 |
               +--------+--------+--------+--------+--------+-----+--------+

Top non-repeatable levels by time:
       D: 313 daAuts
